 Dungeon Crawl Stone Soup version 0.25.1-2-g60ff931df9 (webtiles) character file.

Game seed: 15300148080857121450

3322 queenofzan the Cleaver (level 10, -3/100 HPs)
             Began as a Hill Orc Fighter on Nov 1, 2020.
             Was a Follower of Beogh.
             Slain by a yak (11 damage)
             ... on level 7 of the Dungeon.
             The game lasted 00:13:29 (6736 turns).

queenofzan the Cleaver (Hill Orc Fighter)           Turns: 6736, Time: 00:13:29

Health: -3/100     AC: 11    Str: 22    XL:     10   Next: 2%
Magic:  10/10      EV:  8    Int:  8    God:    Beogh [*.....]
Gold:   448        SH: 11    Dex: 11    Spells: 9/9 levels left

rFire    + . .     SeeInvis .   m - +2 hand axe (flame)
rCold    + . .     Gourm    .   c - +0 kite shield
rNeg     . . .     Faith    .   u - +3 scale mail {rF+}
rPois    .         Spirit   .   (helmet restricted)
rElec    .         Reflect  .   (no cloak)
rCorr    .         Harm     .   (no gloves)
MR       +....                  (no boots)
Stlth    ..........             (no amulet)
HPRegen  0.26/turn              i - ring of protection from cold
MPRegen  0.12/turn              y - ring of protection from magic

@: no status effects
A: horns 1, robust 1
a: Renounce Religion


You were on level 7 of the Dungeon.
You worshipped Beogh.
Beogh was aware of your devotion.
You were not hungry.

You visited 2 branches of the dungeon, and saw 8 of its levels.

You collected 448 gold pieces.

Inventory:

Hand Weapons
 a - a +0 war axe
 m - a +2 hand axe of flaming (weapon)
Armour
 b - a +0 scale mail
 c - a +0 kite shield (worn)
 u - a +3 scale mail of fire resistance (worn)
 z - a +2 tower shield of fire resistance
 A - a cursed +0 ring mail
Jewellery
 i - a ring of protection from cold (left hand)
 y - a ring of protection from magic (right hand)
Wands
 e - a wand of polymorph (12)
 x - a wand of digging (8)
Scrolls
 g - a scroll of blinking
 j - a scroll of random uselessness
 k - 5 scrolls of enchant armour
 l - a scroll of teleportation
 p - a scroll of remove curse
Potions
 d - a potion of mutation
 h - a potion of invisibility {unknown}
 n - a potion of flight {unknown}
 o - 2 potions of curing {unknown}
 q - 2 potions of lignification {unknown}
 r - a potion of resistance
Comestibles
 f - 8 rations


   Skills:
 + Level 9.0 Fighting
 + Level 9.4 Axes
 + Level 8.3 Armour
 + Level 8.3 Shields


You had 9 spell levels left.
You didn't know any spells.
Your spell library contained the following spells:

 Spells                   Type           Power        Failure   Level  Hunger
 Animate Skeleton         Necr           N/A          94%         1    ##.....
 Apportation              Tloc           #.....       94%         1    ##.....
 Corona                   Hex            #......      94%         1    ##.....
 Summon Small Mammal      Summ           #...         94%         1    ##.....
 Slow                     Hex            #.......     98%         2    ###....
 Inner Flame              Hex/Fire       #.......     100%        3    ####...
 Portal Projectile        Hex/Tloc       #.....       100%        3    ####...
 Cause Fear               Hex            #.........   100%        4    #####..
 Leda's Liquefaction      Hex/Erth       #.........   100%        4    #####..


Dungeon Overview and Level Annotations

Branches:
Dungeon (7/15)             Temple (1/1) D:5

Altars:
Ashenzari
Cheibriados
Dithmenos
Elyvilon
Fedhas
Gozag
Hepliaklqana
Kikubaaqudgha
Makhleb
Nemelex Xobeh
Okawaru
Qazlal
Ru
Sif Muna
Trog
Uskayaw
Vehumet
Wu Jian
Xom
Yredelemnul
Zin
The Shining One


Innate Abilities, Weirdness & Mutations

You have a pair of small horns on your head.
You are robust. (+10% HP)


Message History

You hit the ogre. You burn the ogre.
You headbutt the ogre, but do no damage.
The ogre is severely wounded.
The ogre hits you with a +0 giant spiked club!!
* * * LOW HITPOINT WARNING * * *
You hit the ogre. You burn the ogre.
The ogre is almost dead.
Okay, then.
You hit the ogre but do no damage. You headbutt the ogre.
You kill the ogre!
Beogh accepts your kill.
You have reached level 10!
You feel stronger.
You hit the yak. You burn the yak.
The yak is lightly wounded.
The yak gores you but does no damage.
You slash the yak! You burn the yak. You headbutt the yak.
The yak is heavily wounded.
The yak gores you!
You die...

#........... . #
##........#.# ####.
#
...............##..
####### ##........
#.. #.# #......
........F# ..#.##.#
#.#####
##.......##.# #.#.#
#.# ........##.#
#..# #.#
#####....Y##
##.###.####
#.####@##
##.........## ...
##.###.########...
##. ##.#†## #### #.
#..######## .
#.......... ##
#...####### #...#
#.... #.#.##


You could see a yak.

Vanquished Creatures
  Prince Ribbit (D:5)
  2 hippogriffs (D:7)
  5 yaks (D:7)
  A water moccasin (D:7)
  An orc warrior (D:7)
  A sky beast (D:4)
  2 phantoms
  2 ice beasts
  An ogre (D:7)
  A centaur (D:6)
  Blork the orc (D:5)
  4 bullfrogs
  2 scorpions (D:7)
  3 crimson imps
  A centaur zombie (D:7)
  A bullfrog zombie (D:5)
  2 quasits
  A hound (D:6)
  3 orc priests
  A bullfrog skeleton (D:6)
  Ijyb (D:4)
  An iguana (D:4)
  2 orc wizards
  4 worker ants
  A hound zombie (D:6)
  A worker ant zombie (D:5)
  7 adders
  3 gnolls (D:2)
  A shadow imp (D:7)
  An ooze (D:2)
  An adder zombie (D:7)
  2 adder skeletons
  2 worms (D:2)
  2 dart slugs
  5 leopard geckos
  11 orcs
  7 bats
  7 giant cockroaches
  9 goblins
  7 hobgoblins
  12 jackals
  6 kobolds
  3 quokkas
  10 frilled lizards
  A giant cockroach zombie (D:6)
  3 rats
  A butterfly (D:5)
147 creatures vanquished.

Notes
Turn   | Place    | Note
-------+----------+-------------------------------------------
     0 | D:1      | queenofzan the Hill Orc Fighter began the quest for the
                  | Orb.
     0 | D:1      | Reached XP level 1. HP: 19/19 MP: 1/1
   210 | D:1      | Reached XP level 2. HP: 27/27 MP: 2/2
   572 | D:1      | Reached XP level 3. HP: 19/33 MP: 3/3
  1099 | D:2      | Reached XP level 4. HP: 36/40 MP: 4/4
  1653 | D:2      | Reached XP level 5. HP: 9/47 MP: 5/5
  1657 | D:2      | Gained mutation: You are robust. (+10% HP) [potion of
                  | mutation]
  1657 | D:2      | Gained mutation: You have a pair of small horns on your
                  | head. [potion of mutation]
  3042 | D:4      | Became a worshipper of Beogh the Brigand
  3340 | D:4      | Found a sacrificial altar of Ru.
  3414 | D:4      | Noticed a sky beast
  3419 | D:4      | Reached XP level 6. HP: 51/60 MP: 6/6
  3426 | D:4      | Killed a sky beast
  3426 | D:4      | Reached skill level 5 in Fighting
  3738 | D:4      | Reached skill level 5 in Axes
  3785 | D:4      | Noticed Ijyb
  3794 | D:4      | Killed Ijyb
  3794 | D:4      | Reached skill level 5 in Armour
  4141 | D:5      | Entered Level 5 of the Dungeon
  4237 | D:5      | Noticed Blork the orc
  4245 | D:5      | Reached skill level 5 in Shields
  4250 | D:5      | Killed Blork the orc
  4250 | D:5      | Reached XP level 7. HP: 52/67 MP: 7/7
  4607 | D:5      | Noticed Prince Ribbit
  4614 | D:5      | Found a staircase to the Ecumenical Temple.
  4626 | D:5      | Killed Prince Ribbit
  4931 | D:6      | Found a blossoming altar of Fedhas.
  4931 | D:6      | Found a glowing golden altar of the Shining One.
  4932 | D:6      | Found a hazy altar of Hepliaklqana.
  5026 | D:6      | Reached XP level 8. HP: 53/78 MP: 8/8
  5390 | D:6      | Reached * piety under Beogh
  5907 | Temple   | Entered the Ecumenical Temple
  6196 | D:7      | Reached XP level 9. HP: 48/86 MP: 9/9
  6734 | D:7      | Reached XP level 10. HP: 8/100 MP: 10/10
  6736 | D:7      | Slain by a yak

Illustrated notes

Levels and vault maps discovered:
D:1:      dpeg_arrival_court, layout_basic
D:2:      layout_loops_ring
D:3:      layout_basic
D:4:      layout_basic, nicolae_ru_the_path_less_chosen,
          hangedman_decor_clover_reticule, minmay_misc_feat_tiny,
          minmay_mini_jars, uniq_ijyb
D:5:      layout_rooms, minmay_temple_entry_butterflies, first_ration,
          minmay_misc_feat_nine_boxes, uniq_prince_ribbit1, uniq_blork_the_orc
D:6:      layout_gridville, chequers_temple_overflow_statue_of_worship
D:7:      layout_loops_ring
Temple:   dpeg_five_rooms_temple

Skill      XL: |  1  2  3  4  5  6  7  8  9 |
---------------+----------------------------+-----
Axes           | 3 4 5 6 7 9 |  9.4
Fighting       | 4 5 6 7 9 |  9.0
Armour         | 4 5 7 8 |  8.3
Shields        | 4 5 6 8 |  8.3

Action                   |  1- 3 |  4- 6 |  7- 9 | 10-12 || total
-------------------------+-------+-------+-------+-------++-------
Melee: War axe           |   110 |   106 |       |       ||   216
       Hand axe          |       |   104 |   304 |     2 ||   410
       Headbutt          |       |    14 |    66 |     1 ||    81
Invok: Convert to Beogh  |       |     1 |       |       ||     1
  Use: Potion            |     1 |     2 |       |       ||     3
       Scroll            |       |     9 |     9 |       ||    18
  Eat: Ration            |     1 |     1 |     2 |       ||     4
       Chunk             |       |     4 |     2 |       ||     6
Armor: Scale mail        |    86 |    94 |   171 |     1 ||   352
Dodge: Dodged            |    45 |    62 |   104 |       ||   211
Block: Kite shield       |    79 |    85 |   165 |       ||   329
